 Dungeon Crawl Stone Soup version 0.31-a0-210-gccc998df9b (webtiles) character file.

Game seed: 1974181658364939462

62 123456 the Trooper (level 3, -4/34 HPs)
             Began as a Minotaur Fighter on June 29, 2023.
             Slain by a hobgoblin (5 damage)
             ... led by Robin
             ... on level 2 of the Dungeon.
             The game lasted 00:02:02 (898 turns).

123456 the Trooper (Minotaur Fighter)                Turns: 898, Time: 00:02:03

Health: -4/34      AC:  7    Str: 22    XL:     3   Next: 85%
Magic:  2/2        EV:  9    Int:  5    God:
Gold:   44         SH:  4    Dex:  9    Spells: 2/2 levels left

rFire   . . .        a - +0 flail
rCold   . . .        c - +0 buckler
rNeg    . . .        b - +0 scale mail
rPois   .            (helmet restricted)
rElec   .            (no cloak)
rCorr   .            (no gloves)
SInv    .            (no boots)
Will    .....        (no amulet) Stlth
                     (no ring)
HPRegen 0.25/turn    (no ring)
MPRegen 0.08/turn

%: no passive effects
@: no status effects
A: horns 2, retaliatory headbutt
a: no special abilities


You were on level 2 of the Dungeon.
You visited 1 branch of the dungeon, and saw 2 of its levels.

You collected 44 gold pieces.

Inventory:

Hand Weapons
 a - a +0 flail (weapon)
Armour
 b - a +0 scale mail (worn)
 c - a +0 buckler (worn)
Scrolls
 e - a scroll of torment {unknown}
 g - a scroll of enchant weapon {unknown}
 h - a scroll of blinking {unknown}
 i - a scroll of vulnerability {unknown}
Potions
 d - a potion of might
 f - a potion of enlightenment {unknown}


   Skills:
 * Level 4.5 Fighting
 * Level 3.6 Maces & Flails
 + Level 4.1 Armour
 + Level 1.0 Dodging
 - Level 3.6 Shields


You had 2 spell levels left.
You didn't know any spells.
Your spell library contained the following spells:

 Spells                   Type           Power      Damage    Failure   Level
 Apportation              Tloc           0%         N/A       86%         1
 Necrotise                Necr           0%         1d4       86%         1
 Slow                     Hex            0%         N/A       86%         1
 Summon Small Mammal      Summ           0%         N/A       86%         1
 Scorch                   Fire           0%         2d5       94%         2
 Summon Guardian Golem    Hex/Summ       0%         N/A       99%         3
 Cause Fear               Hex            0%         N/A       100%        4
 Flame Wave               Conj/Fire      0%         2d4       100%        4
 Summon Mana Viper        Hex/Summ       0%         N/A       100%        5
 Summon Cactus Giant      Summ           0%         N/A       100%        6


Dungeon Overview and Level Annotations

Branches:
Dungeon (2/15)

Altars:

Annotations:
D:2 Robin


Innate Abilities, Weirdness & Mutations

You have a pair of horns on your head.
You reflexively headbutt those who attack you in melee.


Message History

You are too injured to fight recklessly!
You are too injured to fight recklessly!
Unknown command.
You hit Robin but do no damage.
Robin is moderately wounded.
The hobgoblin barely misses you. Robin hits you but does no damage.
You closely miss Robin. You headbutt Robin.
Robin is severely wounded.
The hobgoblin closely misses you. Robin hits you but does no damage.
You closely miss Robin.
Robin is severely wounded.
The hobgoblin closely misses you. Robin hits you but does no damage.
You barely miss Robin.
Robin is severely wounded.
The hobgoblin hits you but does no damage.
Robin hits you with a +1 dagger of protection.
The hobgoblin hits you but does no damage.
Robin zaps a wand.
The puff of flame hits you.
* * * LOW HITPOINT WARNING * * *
You closely miss Robin.
Robin is severely wounded.
You block the hobgoblin's attack. Robin closely misses you.
Unknown command.
You hit Robin but do no damage.
Robin is severely wounded.
The hobgoblin closely misses you. Robin hits you but does no damage.
You hit Robin.
Robin is almost dead.
The hobgoblin hits you.
* * * LOW HITPOINT WARNING * * *
Robin hits you with a +1 dagger of protection.
* * * LOW HITPOINT WARNING * * *
You block the hobgoblin's attack.
Robin hits you with a +1 dagger of protection.
* * * LOW HITPOINT WARNING * * *
Unknown command.
You hit Robin but do no damage.
Robin is almost dead.
The hobgoblin hits you.
You die...

#### .....
####....?. #######
##@g'.....:
........##)g##......
..........##...#
.....
..........##.###
#### ..........##>#
...........#.#
...........#.#
...........#.#
.......†.....#


You could see Robin and a hobgoblin (strong).

Vanquished Creatures
  An adder (D:1)
  3 ball pythons
  5 endoplasms (D:1)
  A giant cockroach (D:1)
  13 goblins
  8 hobgoblins
  3 jackals
  2 quokkas (D:1)
  5 bats
  3 frilled lizards (D:1)
  4 kobolds (D:1)
  A rat (D:1)
49 creatures vanquished.

Notes
Turn   | Place    | Note
-------+----------+-------------------------------------------
     0 | D:1      | 123456 the Minotaur Fighter began the quest for the Orb.
     0 | D:1      | Reached XP level 1. HP: 19/19 MP: 0/0
    12 | D:1      | Got the Excursus on Beguiling
    92 | D:1      | Reached XP level 2. HP: 27/27 MP: 1/1
   513 | D:1      | Reached XP level 3. HP: 33/33 MP: 2/2
   865 | D:2      | Noticed Robin
   876 | D:2      | Reached skill level 1 in Dodging
   897 | D:2      | HP: 1/34 [Robin/+1 dagger of protection (2)]
   898 | D:2      | Slain by a hobgoblin

Illustrated notes

Levels and vault maps discovered:
D:1:      amcnicky_arrival_flooded_fountain, layout_basic, serial_forest,
          infiniplex_forest_lined_2, infiniplex_forest_clump_small,
          infiniplex_forest_straight_2, infiniplex_forest_diagonal,
          infiniplex_forest_clump_small, infiniplex_forest_clump_medium,
          infiniplex_forest_corner_1, infiniplex_forest_straight_2
D:2:      layout_basic, st_stairs_8, uniq_robin, uniq_sigmund

Skill      XL: |  1  2  3 |
---------------+----------+-----
Fighting       | 4 |  4.5
Maces & Flails | 3 |  3.6
Armour         | 4 |  4.1
Dodging        | 1 |  1.0
Shields        | |  3.6

Action                     || total
---------------------------++-------
  Melee: Flail             ||   121
         Headbutt          ||    15
    Use: Scroll            ||     1
 Armour: Scale mail        ||    81
  Dodge: Dodged            ||    72
  Block: Buckler           ||    41

Table legend: (Time is in decaauts)
 A = Elapsed time spent in this place.
 B = Non-inter-level travel time spent in this place.
 C = Inter-level travel time spent in this place.
 D = Time resting spent in this place.
 E = Time spent auto-exploring this place.
 F = Levels seen in this place.
 G = Mean time per level.
                   A        B        C        D        E       F      G
               +--------+--------+--------+--------+--------+-----+--------+
         Total |    932 |    885 |     47 |    170 |    469 |   2 |  466.0 |
       Dungeon |    932 |    885 |     47 |    170 |    469 |   2 |  466.0 |
               +--------+--------+--------+--------+--------+-----+--------+

Top non-repeatable levels by time:
     D:1: 855 daAuts
     D:2: 76 daAuts
